 Seeded DCSS version 0.28-a0-983-g1de4e0787c (webtiles) character file.

Game seed: 12001 (custom seed)

62 Redcow54321 the Ducker (level 3, -4/17 HPs)
             Began as a Felid Fighter on Dec 3, 2021.
             Slain by a gnoll (7 damage)
             ... on level 2 of the Dungeon.
             The game lasted 00:03:02 (1609 turns).

Redcow54321 the Ducker (Felid Fighter)              Turns: 1609, Time: 00:03:03

Health: -4/17      AC:  1    Str: 14    XL:     3   Next: 85%
Magic:  4/4        EV: 20    Int:  9    God:
Gold:   25         SH:  0    Dex: 15    Spells: 2/2 levels left
                                        Lives:  0   Deaths: 0

rFire   . . .      SeeInvis +     - Unarmed
rCold   . . .      Faith    .   (shield unavailable)
rNeg    . . .      Spirit   .   (armour unavailable)
rPois   .          Reflect  .   (helmet unavailable)
rElec   .          Harm     .   (cloak unavailable)
rCorr   .          Rampage  .   (gloves unavailable)
Will    .....                   (boots unavailable)
Stlth   +.........              (no amulet)
HPRegen 0.05/turn               (no ring)
MPRegen 0.09/turn               (no ring)

@: quick
A: very small, claws 1, fangs 3, see invisible, speed 1, shaggy fur 1, stealthy
paws, no weapons or thrown items, no armour, multi-lived
a: no special abilities


You were on level 2 of the Dungeon.
You visited 1 branch of the dungeon, and saw 2 of its levels.

You collected 25 gold pieces.

Inventory:

Scrolls
 b - 2 scrolls of identify {unknown}
 c - a scroll of teleportation {unknown}
Potions
 a - a potion of might
 d - 2 potions of magic {unknown}


   Skills:
 - Level 3.0 Fighting
 * Level 6.4 Dodging
 - Level 4.0 Unarmed Combat


You had 2 spell levels left.
You didn't know any spells.
Your spell library was empty.

Dungeon Overview and Level Annotations

Branches:
Dungeon (2/15)

Altars:
Ashenzari


Innate Abilities, Weirdness & Mutations

You have sharp claws.
You have razor-sharp teeth.
You have supernaturally acute eyesight. (SInv)
You cover ground quickly. (Speed+)
You are covered in fur. (AC +1)
Your paws help you pounce on unaware monsters.
You are incapable of wielding weapons or throwing items.
You cannot wear armour.
You gain extra lives every three experience levels.


Message History

The giant cockroach completely misses you.
You scratch the giant cockroach.
The giant cockroach is almost dead.
The giant cockroach misses you.
The giant cockroach completely misses you.
You scratch the giant cockroach.
You kill the giant cockroach!
No target in view!
You now have 25 gold pieces (gained 7).
A gnoll shaman comes into view. It is wielding a +0 whip.
The gnoll shaman shouts!
You hear a shout!
The gnoll shaman moves out of view.
A gnoll shaman is nearby!
The gnoll shaman calls upon its god to speed up something.
You hear a shout!
You hear an angry hiss.
The gnoll shaman calls upon its god to speed up something.
A gnoll comes into view.
It is wielding a +1 whip of electrocution.
Found a broken altar of Ashenzari.
The gnoll shouts!
You hear an angry hiss.
You hear a shout!
A gnoll comes into view. It is wielding a +0 club.
The gnoll shaman barely misses you.
The gnoll moves out of view.
You scratch the gnoll shaman.
The gnoll shaman is lightly wounded.
An adder comes into view.
The gnoll shaman hits you with a +0 whip!
Ouch! That really hurt!
You barely miss the gnoll shaman.
The gnoll shaman is lightly wounded.
You closely miss the gnoll shaman.
The gnoll shaman is lightly wounded.
The gnoll shaman misses you. 2 gnolls come into view.
The gnoll shouts!
The gnoll moves out of view.
The gnoll hits you from afar with a +0 halberd.
* * * LOW HITPOINT WARNING * * *
You open the door.
The gnoll hits you with a +1 whip of electrocution!
You die...

##+### ##....#
#######.....#####.# .
......#.....'.....# .S
...........@#### ...
..........g.g.# #.._
...$..#+#.##S# #.....
#...#.#g##.#
......####.....g.g#g#
#.#.................#
#............#.#..#.#
.............#........
.............#.......##


You could see a gnoll shaman, 4 gnolls and an adder.

Vanquished Creatures
  3 gnolls
  2 dart slugs (D:1)
  A bat (D:1)
  2 endoplasms
  3 giant cockroaches
  2 goblins (D:1)
  4 hobgoblins (D:1)
  3 jackals (D:1)
  3 kobolds (D:1)
  3 ball pythons
  A frilled lizard (D:1)
27 creatures vanquished.

Notes
Turn   | Place    | Note
-------+----------+-------------------------------------------
     0 | D:1      | Redcow54321 the Felid Fighter began the quest for the Orb.
     0 | D:1      | Reached XP level 1. HP: 10/10 MP: 2/2
   288 | D:1      | Reached XP level 2. HP: 14/14 MP: 3/3
   363 | D:1      | Found a faded altar of an unknown god.
   404 | D:1      | Reached skill level 5 in Dodging
  1043 | D:1      | Reached XP level 3. HP: 11/17 MP: 4/4
  1334 | D:2      | Reached skill level 6 in Dodging
  1587 | D:2      | Found a broken altar of Ashenzari.
  1609 | D:2      | Slain by a gnoll

Illustrated notes

Levels and vault maps discovered:
D:1:      enne_arrival_octagon_isle, layout_basic,
          shapermc_ecumenical_altar_starsandcircs
D:2:      layout_basic, basic_altar, uniq_natasha, uniq_sigmund

Skill      XL: |  1  2  3 |
---------------+----------+-----
Dodging        | 5 6 |  6.4
Fighting       | |  3.0
Unarmed Combat | |  4.0

Action                   || total
-------------------------++-------
Melee: Unarmed           ||    87
       Bite              ||     8
 Stab: Sleeping          ||     2
Armor: Skin              ||     4
Dodge: Dodged            ||    64

Table legend: (Time is in decaauts)
 A = Elapsed time spent in this place.
 B = Non-inter-level travel time spent in this place.
 C = Inter-level travel time spent in this place.
 D = Time resting spent in this place.
 E = Time spent auto-exploring this place.
 F = Levels seen in this place.
 G = Mean time per level.
                   A        B        C        D        E       F      G
               +--------+--------+--------+--------+--------+-----+--------+
         Total |   1464 |   1392 |     72 |    331 |    837 |   2 |  732.0 |
       Dungeon |   1464 |   1392 |     72 |    331 |    837 |   2 |  732.0 |
               +--------+--------+--------+--------+--------+-----+--------+

Top non-repeatable levels by time:
     D:1: 1314 daAuts
     D:2: 150 daAuts
